 Dungeon Crawl Stone Soup version 0.31-a0-557-g6e16503903 (webtiles) character file.

Game seed: 13471834362636603340

15 jlumianski the Trooper (level 2, 0/2 HPs)
             Began as a Demonspawn Fighter on Aug 14, 2023.
             Constricted to death by a ball python (1 damage)
             ... on level 1 of the Dungeon on Aug 17, 2023.
             The game lasted 00:03:56 (779 turns).

jlumianski the Trooper (Demonspawn Fighter)          Turns: 779, Time: 00:03:57

Health: 0/2        AC:  1    Str: 16    XL:     2   Next: 34%
Magic:  2/2        EV:  7    Int:  9    God:
Gold:   58         SH:  4    Dex: 12    Spells: 1/1 levels left

rFire   . . .        a - +0 war axe
rCold   . . .        c - +0 buckler
rNeg    . . .        b - melded +0 scale mail
rPois   .            e - +0 helmet
rElec   .            (no cloak)
rCorr   .            (no gloves)
SInv    .            (no boots)
Will    .....        (no amulet)
Stlth   +            (no ring)
HPRegen 0.20/turn    (no ring)
MPRegen 0.16/turn

%: no passive effects
@: maw-form, constricted
A: devouring maw, reduced hp, magic regeneration
a: Begin Untransformation


You were on level 1 of the Dungeon.
You were a creature with a mouth for a stomach.
You visited 1 branch of the dungeon, and saw 2 of its levels.

You collected 58 gold pieces.

Inventory:

Hand Weapons
 a - a +0 war axe (weapon)
Armour
 b - a +0 scale mail (melded)
 c - a +0 buckler (worn)
 e - a +0 helmet (worn)
Talismans
 h - a maw talisman (active)
Scrolls
 i - a scroll of amnesia {unknown}
 k - a scroll of butterflies {unknown}
Potions
 d - 2 potions of might
 f - a potion of berserk rage {unknown}
 g - 2 potions of curing {unknown}
 j - a potion of resistance {unknown}
 l - a potion of mutation {unknown}


   Skills:
 + Level 3.1 Fighting
 + Level 2.0 Axes
 - Level 2.8 Armour
 + Level 3.0 Shields


You had one spell level left.
You didn't know any spells.
Your spell library contained the following spells:

 Spells                   Type           Power      Damage    Failure   Level
 Blink                    Tloc           0%         N/A       61%         2
 Wereblood                Tmut           0%         N/A       61%         2
 Manifold Assault         Tloc           0%         N/A       99%         4
 Irradiate                Conj/Tmut      0%         3d11      100%        5


Dungeon Overview and Level Annotations

Branches:
Dungeon (2/15)

Altars:

Shops:
D:1 (


Innate Abilities, Weirdness & Mutations

You are a creature with a mouth for a stomach.
Your midsection houses a second, enormous mouth.
Your maximum health is decreased, since you lack skill for your form.
You regenerate magic rapidly.


Message History

You climb downwards.
Found a scroll labelled QIPACE UDETWYT and 6 gold pieces.
There is a stone staircase leading up here.
You climb upwards.
There is a stone staircase leading down here.
Okay, then.
Unknown command.
You pick up a book of Changes and begin reading...
You add the spells Wereblood and Irradiate to your library.
There is an open door here.
You see here a hobgoblin skeleton.
You see here a +0 ring mail.
There is an open door here.
You open the door.
There is an open door here.
A quokka comes into view.
The quokka misses you.
You hit the quokka. Your bite misses the quokka.
The quokka is lightly wounded.
The quokka closely misses you.
You barely miss the quokka.
The quokka is lightly wounded.
You block the quokka's attack. The quokka closely misses you.
You closely miss the quokka.
The quokka is lightly wounded.
The quokka closely misses you. You block the quokka's attack.
You closely miss the quokka. Your bite misses the quokka.
The quokka is lightly wounded.
The quokka barely misses you. x2
You hit the quokka. You bite the quokka.
You kill the quokka!
You see here a quokka corpse.
A ball python comes into view.
The ball python hisses angrily.
You closely miss the ball python. The ball python barely misses you.
The ball python grabs you. The ball python constricts you.
Ouch! That really hurt!
The ball python barely misses you. The ball python constricts you.
Ouch! That really hurt!
You die...

##.## ### #.# #.#
#.. ..# #.# #.# #.#
##'## #.# #.#
##...## #.###.##
##.....# #.#....##
##.......
#†#.#...####........
#..W.......'........
###S#...####........
#.##.## ##.......
#.#.### ##.....#
##.## ##...## #S
##+## #. #.# #. #.#
#. ##.##


You could see a ball python.

Vanquished Creatures
  A ball python (D:1)
  A bat (D:1)
  A goblin (D:1)
  3 hobgoblins (D:1)
  2 jackals (D:1)
  2 quokkas (D:1)
  2 frilled lizards (D:1)
12 creatures vanquished.

Notes
Turn   | Place    | Note
-------+----------+-------------------------------------------
     0 | D:1      | jlumianski the Demonspawn Fighter began the quest for the
                  | Orb.
     0 | D:1      | Reached XP level 1. HP: 18/18 MP: 1/1
     0 | D:1      | Upgraded the game from 0.31-a0-538-gbc85326fa9 to
                  | 0.31-a0-557-g6e16503903
   108 | D:1      | Found Dyototit's Weapon Boutique.
   378 | D:1      | Gained mutation: You regenerate magic rapidly. [demonic
                  | ancestry]
   378 | D:1      | Reached XP level 2. HP: 24/24 MP: 2/2
   779 | D:1      | Constricted to death by a ball python

Illustrated notes

Levels and vault maps discovered:
D:1:      heliophobic_arrival_battle_scene, layout_loops_corners, serial_shops,
          nicolae_shop_bloodbath_and_beyond, minmay_misc_feat_doors
D:2:      wander_river, layout_loops_ring, dk_vineyard_1

Skill      XL: |  1  2 |
---------------+-------+-----
Axes           | 2 |  2.0
Shields        | 3 |  3.0
Fighting       | |  3.1
Armour         | |  2.8

Action                     || total
---------------------------++-------
  Melee: War axe           ||    37
         Maw               ||     1
 Armour: Scale mail        ||    23
  Dodge: Dodged            ||    23
  Block: Buckler           ||     8
   Form: Maw               ||     1

Table legend: (Time is in decaauts)
 A = Elapsed time spent in this place.
 B = Non-inter-level travel time spent in this place.
 C = Inter-level travel time spent in this place.
 D = Time resting spent in this place.
 E = Time spent auto-exploring this place.
 F = Levels seen in this place.
 G = Mean time per level.
                   A        B        C        D        E       F      G
               +--------+--------+--------+--------+--------+-----+--------+
         Total |    796 |    796 |      0 |      0 |    565 |   2 |  398.0 |
       Dungeon |    796 |    796 |      0 |      0 |    565 |   2 |  398.0 |
               +--------+--------+--------+--------+--------+-----+--------+

Top non-repeatable levels by time:
     D:1: 790 daAuts
     D:2: 5 daAuts
